 Dungeon Crawl Stone Soup version 0.29-a0-845-g6161e89988 (webtiles) character file.

Game seed: 16278533686050818970

48 SkeletonJelly the Sneak (level 3, 0/21 HPs)
             Began as a Vampire Brigand on July 15, 2022.
             Slain by a river rat (2 damage)
             ... in a sewer.
             The game lasted 00:02:43 (1386 turns).

SkeletonJelly the Sneak (Vampire Brigand)           Turns: 1386, Time: 00:02:43

Health: 0/21       AC:  3    Str: 10    XL:     3   Next: 50%
Magic:  3/3        EV: 12    Int: 19    God:
Gold:   33         SH:  0    Dex: 17    Spells: 2/2 levels left

rFire   . . .      SeeInvis +   a - +2 dagger
rCold   + + .      Faith    .   (no shield)
rNeg    + + +      Spirit   .   b - +0 robe
rPois   ∞          Reflect  .   (no helmet)
rElec   .          Harm     .   c - +0 cloak
rCorr   .          Rampage  .   (no gloves)
Will    .....                   (no boots)
Stlth   +++++.....              (no amulet)
HPRegen 0.00/turn               k - +6 ring of intelligence
MPRegen 0.08/turn               (no ring)

@: attractive, bloodless, inhibited regen
A: bloodless, fangs 3, see invisible, vampiric 2
a: Bat Form, Revivify


You were in a sewer.
You visited 1 branch of the dungeon, and saw 3 of its levels.
You also visited: Sewer.

You collected 33 gold pieces.

Inventory:

Hand Weapons
 a - a +2 dagger (weapon)
Missiles
 d - 9 poisoned darts (quivered)
 e - 3 curare-tipped darts
Armour
 b - a +0 robe (worn)
 c - a +0 cloak (worn)
Jewellery
 k - a +6 ring of intelligence (left hand)
Scrolls
 f - a scroll of immolation
 m - a scroll of identify {unknown}
Potions
 g - 2 potions of curing {unknown}
 h - a potion of invisibility {unknown}
 i - a potion of flight {unknown}
 j - a potion of attraction
 l - a potion of resistance {unknown}


   Skills:
 - Level 1.7 Fighting
 * Level 3.8 Short Blades
 - Level 1.5 Throwing
 - Level 1.1 Dodging
 + Level 6.6 Stealth


You had 2 spell levels left.
You didn't know any spells.
Your spell library contained the following spells:

 Spells                   Type           Power      Damage    Failure   Level
 Conjure Ball Lightning   Conj/Air       0%         3x3d6     100%        6
 Discord                  Hex            0%         N/A       100%        8
 Disjunction              Tloc           0%         N/A       100%        8


Dungeon Overview and Level Annotations

Branches:
Dungeon (3/15)              Sewer (1/1)

Altars:


Innate Abilities, Weirdness & Mutations

You do not regenerate when monsters are visible.
You are frail without blood (-20% HP).
You can heal yourself when you bite living creatures.
You are immune to poison.
You have razor-sharp teeth.
You have supernaturally acute eyesight. (SInv)
You are afflicted with vampirism and can become a bat while bloodless.


Message History

Moving in this stuff is going to be slow.
Found a glowing drain.
The adder hisses angrily.
The adder bites you but does no damage. The adder barely misses you.
You hit the adder.
The adder is lightly wounded.
The adder barely misses you.
You hit the adder.
The adder is moderately wounded.
The adder barely misses you.
You hit the adder.
The adder is heavily wounded.
The adder closely misses you. The adder attacks as you move away!
The adder bites you. The adder barely misses you.
You take 2 damage, and have 19/21 hp.
The adder attacks as you move away! The adder barely misses you.
The adder bites you but does no damage. The adder bites you.
You take 2 damage, and have 17/21 hp.
You hit the adder.
The adder is almost dead.
The adder bites you but does no damage.
You hit the adder.
You kill the adder!
You enter the shallow water.
Moving in this stuff is going to be slow.
There is a glowing drain here.
The world spins around you as you enter the gateway.
You enter a sewer!
Found a gate leading back out of this place.
There is an empty arch of ancient stone here.
The helpless rat fails to defend itself.
You bite the rat, and draw its blood!
You feel better.
You stick the rat like a pincushion!!!
You kill the rat!
Health restored: 21 The river rat bites you.
You take 2 damage, and have 19/21 hp.
You completely miss the river rat. The river rat closely misses you.
You hit the river rat but do no damage. The river rat closely misses you.
You closely miss the river rat. The river rat bites you.
You take 6 damage, and have 13/21 hp.
MASSIVE DAMAGE!!
You hit the river rat but do no damage.
The river rat bites you but does no damage.
You closely miss the river rat. The rat bites you but does no damage.
The river rat bites you.
You closely miss the river rat.
You take 1 damage, and have 12/21 hp.
You hit the river rat but do no damage. The rat bites you but does no damage.
The river rat bites you.
You take 4 damage, and have 8/21 hp.
You are too injured to fight recklessly!
You are too injured to fight recklessly!
You are too injured to fight recklessly!
You are too injured to fight recklessly!
You are too injured to fight recklessly!
You are too injured to fight recklessly!
You are too injured to fight recklessly!
You are too injured to fight recklessly!
You are too injured to fight recklessly!
You are too injured to fight recklessly!
You are too injured to fight recklessly!
You are too injured to fight recklessly!
You are too injured to fight recklessly!
You are too injured to fight recklessly!
You are too injured to fight recklessly!
You are too injured to fight recklessly!
You are too injured to fight recklessly!
You are too injured to fight recklessly!
You are too injured to fight recklessly!
You are too injured to fight recklessly!
You are too injured to fight recklessly!
You are too injured to fight recklessly!
You are too injured to fight recklessly!
You are too injured to fight recklessly!
You are too injured to fight recklessly!
You are too injured to fight recklessly!
You are too injured to fight recklessly!
You are too injured to fight recklessly!
You are too injured to fight recklessly!
You are too injured to fight recklessly!
You are too injured to fight recklessly!
You hit the rat but do no damage. Your bite misses the rat. The rat misses you.
The river rat misses you.
You hit the rat.
The rat is heavily wounded.
The rat bites you.
* * * LOW HITPOINT WARNING * * *
The river rat bites you.
* * * LOW HITPOINT WARNING * * *
You take 6 damage, and have 2/21 hp.
MASSIVE DAMAGE!!
You hit the rat.
You kill the rat!
The river rat bites you but does no damage.
You hit the rat but do no damage. You bite the rat.
You kill the rat!
It was a potion of attraction.
You feel attractive to monsters. The river rat bites you.
You die... #################### ≈≈≈≈≈≈r@r...∩∩.....r ####################

You could see 2 river rats.

Vanquished Creatures
  2 adders (D:3)
  A bat (D:1)
  An endoplasm (D:1)
  2 goblins (D:1)
  4 hobgoblins
  5 jackals
  3 kobolds
  3 ball pythons
  A frilled lizard (D:1)
  5 rats
27 creatures vanquished.

Notes
Turn   | Place    | Note
-------+----------+-------------------------------------------
     0 | D:1      | SkeletonJelly the Vampire Brigand began the quest for the
                  | Orb.
     0 | D:1      | Reached XP level 1. HP: 16/16 MP: 1/1
   184 | D:1      | Reached skill level 6 in Stealth
   382 | D:1      | You fall into a shaft and drop 1 floor!
   575 | D:1      | Reached XP level 2. HP: 17/17 MP: 2/2
  1079 | D:3      | Gained mutation: You are afflicted with vampirism and can
                  | become a bat while bloodless. [Vampire growth]
  1079 | D:3      | Reached XP level 3. HP: 5/21 MP: 3/3
  1350 | D:3      | Found a glowing drain.
  1368 | Sewer    | Entered a sewer
  1386 | Sewer    | Slain by a river rat

Illustrated notes

Levels and vault maps discovered:
D:1:      sevenhm_arrival_forest_fort_large_2, layout_loops_cross
D:2:      layout_rooms, shapermc_ecumenical_altar_pompeii, uniq_terence
D:3:      layout_loops_cross, portal_sewer_entry_d, uniq_robin
Sewer:    sewer_kobolds

Skill      XL: |  1  2 |
---------------+-------+-----
Stealth        | 6 |  6.6
Short Blades   | 3 |  3.8
Fighting       | |  1.7
Throwing       | |  1.5
Dodging        | |  1.1

Action                   || total
-------------------------++-------
Melee: Dagger            ||    65
       Bite              ||     6
 Abil: Exsanguinate      ||     1
  Use: Scroll            ||     4
       Potion            ||     1
 Stab: Sleeping          ||    15
Armor: Robe              ||    24
Dodge: Dodged            ||    47

Table legend: (Time is in decaauts)
 A = Elapsed time spent in this place.
 B = Non-inter-level travel time spent in this place.
 C = Inter-level travel time spent in this place.
 D = Time resting spent in this place.
 E = Time spent auto-exploring this place.
 F = Levels seen in this place.
 G = Mean time per level.
                   A        B        C        D        E       F      G
               +--------+--------+--------+--------+--------+-----+--------+
         Total |   1381 |   1372 |      9 |      0 |   1024 |   4 |  345.2 |
       Dungeon |   1365 |   1356 |      9 |      0 |   1024 |   3 |  455.0 |
         Sewer |     15 |     15 |      0 |      0 |      0 |   1 |   15.0 |
               +--------+--------+--------+--------+--------+-----+--------+

Top non-repeatable levels by time:
     D:1: 993 daAuts
     D:3: 296 daAuts
     D:2: 76 daAuts
   Sewer: 15 daAuts
